 Dungeon Crawl Stone Soup version 0.23.2-1-ga50397a (webtiles) character file.

Game seed: 3827176408588389364

123156 Mrkaede the Warrior (level 16, -5/155 HPs)
             Began as a Minotaur Berserker on Apr 26, 2019.
             Was a High Priest of Trog.
             Slain by a deep troll earth mage (19 damage)
             ... on level 1 of the Depths.
             The game lasted 01:21:48 (26829 turns).

Mrkaede the Warrior (Minotaur Berserker)           Turns: 26829, Time: 01:21:49

Health: -5/155     AC: 22    Str: 24    XL:     16   Next: 36%
Magic:  17/17      EV: 20    Int: 11    God:    Trog [*****.]
Gold:   2080       SH:  0    Dex: 17    Spells: 15/15 levels left

rFire    + . .     SeeInvis +   Z - +6 triple sword (flame)
rCold    + . .     Gourm    .   (shield currently unavailable)
rNeg     + . .     Faith    .   N - +2 scale mail {rPois}
rPois    +         Spirit   .   (helmet restricted)
rElec    .         Reflect  .   P - +2 cloak
rCorr    .         Harm     +   l - +1 pair of gloves {Dex+3}
MR       +++..                  z - +2 pair of boots "Epabym" {Int+4 Dex-3 SInv Stlth+}
Stlth    +++++.....             C - amulet of harm
HPRegen  1.35/turn              t - ring of stealth
MPRegen  0.15/turn              T - ring of Ewkyr {rN+ Int+3 Stlth+}

@: regenerating
A: retaliatory headbutt, claws 1, horns 2, rugged brown scales 1, agile 1,
blink, cold resistance 1, fire resistance 1
a: Blink, Berserk, Trog's Hand, Brothers in Arms, Renounce Religion


You were on level 1 of the Depths.
You worshipped Trog.
Trog was extremely pleased with you.
You were not hungry.

You visited 5 branches of the dungeon, and saw 25 of its levels.
You also visited: Ice Cave.

You collected 2312 gold pieces.
You spent 232 gold pieces at shops.

Inventory:

Hand Weapons
 k - the +4 great sword of Anguish {drain, rC+ Str+2 Dex+2 Stlth+}
   (Trog gifted it to you on level 6 of the Lair of Beasts)

   A truly terrible weapon, it drains the life of those it strikes.
   It affects your strength (+2).
   It affects your dexterity (+2).
   It protects you from cold.
   It makes you more stealthy.
 Z - a +6 triple sword of flaming (weapon)
Missiles
 a - 6 javelins of penetration (quivered)
 I - 9 poisoned javelins
 K - 5 exploding tomahawks
 R - 4 tomahawks of dispersal
Armour
 l - a +1 pair of gloves of dexterity (worn)
 w - the +1 leather armour of Ditemur {rF++}
   (You found it on level 4 of the Dungeon)

   It greatly protects you from fire.
 x - a +2 pair of gloves
 z - the +2 pair of boots "Epabym" (worn) {Int+4 Dex-3 SInv Stlth+}
   (You found it on level 5 of the Dungeon)

   It affects your intelligence (+4).
   It affects your dexterity (-3).
   It lets you see invisible.
   It makes you more stealthy.
 J - a +2 pair of boots
 N - a +2 scale mail of poison resistance (worn)
 P - a +2 cloak (worn)
Jewellery
 g - an uncursed ring of poison resistance
 h - a +5 ring of dexterity
 i - an uncursed ring of protection from magic
 t - a ring of stealth (left hand)
 y - an uncursed ring of resist corrosion
 C - an amulet of harm (around neck)
 T - the ring of Ewkyr (right hand) {rN+ Int+3 Stlth+}
   (You took it off a yaktaur on level 14 of the Dungeon)

   [ring of stealth]

   It affects your intelligence (+3).
   It protects you from negative energy.
   It makes you more stealthy.
Wands
 b - a wand of enslavement (8)
 p - a wand of paralysis (6)
 r - a wand of iceblast (11)
 s - a wand of flame (25)
 A - a wand of polymorph (9)
 E - a wand of digging (5)
 G - a wand of disintegration (18)
 L - a wand of acid (13)
 Y - a wand of clouds (4)
Scrolls
 d - 2 scrolls of brand weapon
 f - 3 scrolls of remove curse
 m - 4 scrolls of blinking
 o - a scroll of enchant armour
 q - 2 scrolls of fear
 u - 2 scrolls of teleportation
 v - 4 scrolls of magic mapping
 D - 4 scrolls of identify
 M - a scroll of summoning
Potions
 e - 2 potions of berserk rage
 j - a potion of ambrosia
 n - 3 potions of curing
 H - 4 potions of cancellation
 S - a potion of flight
 V - 3 potions of haste
Miscellaneous
 B - a phial of floods (inert)
 X - a lightning rod (4/4)
Comestibles
 c - 39 rations
 F - 6 chunks of flesh


   Skills:
 * Level 16.0 Fighting
 * Level 15.9 Long Blades
 + Level 9.8 Throwing
 + Level 12.4 Armour
 * Level 14.6 Dodging
 - Level 7.0 Stealth
 - Level 10.0 Unarmed Combat
 - Level 3.0 Evocations


You had 15 spell levels left.
You didn't know any spells.
Your spell library was empty.

Dungeon Overview and Level Annotations

Branches:
Dungeon (15/15)            Temple (0/1) D:5            Lair (6/6) D:9
 Shoals (0/4) Lair:3        Snake (1/4) Lair:2        Slime (0/5) Lair:5
    Orc (2/2) D:11            Elf (0/3) Orc:2        Vaults (0/5) D:14
 Depths (1/5) D:15

Altars:
Ashenzari
Fedhas
Gozag
Kikubaaqudgha
Makhleb
Nemelex Xobeh
Okawaru
Ru
Sif Muna
Trog
Vehumet
Beogh
Jiyva

Shops:
D:6 *   D:14 *   Orc:2 %(%*

Portals:
Hell: Lair:6

Annotations:
Lair:5 exclusion: 5 oklob plants


Innate Abilities, Weirdness & Mutations

You reflexively headbutt those who attack you in melee.
You have a pair of horns on your head.
You have sharp fingernails.
You are partially covered in rugged brown scales. (AC +1, +3% HP)
You are agile. (Dex +2)
You can translocate small distances at will.
Your flesh is cold resistant. (rC+)
Your flesh is heat resistant. (rF+)


Message History

You furiously retaliate!
You headbutt the deep troll earth mage.
The deep troll earth mage completely misses you.
The deep troll earth mage barely misses you.
You slice the deep troll earth mage!! You burn the deep troll earth mage.
The deep troll earth mage is almost dead.
The deep troll earth mage bites you but does no damage.
The deep troll earth mage claws you but does no damage. x2
You hear a shout!
You closely miss the deep troll earth mage.
The deep troll earth mage is almost dead.
The orc hits you but does no damage. The deep troll earth mage bites you!
* * * LOW HITPOINT WARNING * * *
The deep troll earth mage completely misses you.
The deep troll earth mage claws you but does no damage.
Your iron troll rages.
You feel better. The orc closely misses you. You furiously retaliate!
You headbutt the orc.
You riposte.
You barely miss the orc.
The orc is heavily wounded.
The deep troll earth mage bites you!
You die...

# ..# .##.. #.#.#
#.#..#########
#.#.##.......#
#.#(.........#
#.#).).......#
#)(TT@o.....#
#)#.........#
##(#..)......#
##.(#..)......#
##O.####.........
####T.##
#.........
######....##
#.........
.D......###
#.........
...###..#


You could see a deep troll earth mage, an orc and a friendly iron troll
(berserk).

Vanquished Creatures
  Rupert (D:13)
  A tengu reaver (Depths:1)
  A fire giant (Depths:1)
  3 frost giants
  The ghost of PeMo the Martial Artist, a journeyman GnTm of Cheibriados (D:15)
  2 stone giants (Depths:1)
  Nessos (D:13)
  A dire elephant (Lair:6)
  A minotaur (shapeshifter) (D:15)
  2 naga warriors (Snake:1)
  An ice dragon (Depths:1)
  A catoblepas (Lair:6)
  6 hydras
  An anaconda (Snake:1)
  Erica (D:10)
  A death knight (D:13)
  4 two-headed ogres
  4 centaur warriors
  A deep troll shaman (Depths:1)
  3 tengu warriors
  Urug (D:10)
  2 ogre magi
  A sun demon (Lair:6)
  8 death yaks
  An orc high priest (D:15)
  Nergalle (Lair:1)
  An iron troll (Depths:1)
  2 deep trolls (Depths:1)
  A flayed ghost (Depths:1)
  2 unseen horrors
  A deep elf archer (D:14)
  Pikel (D:5)
  The ghost of havocjr3 the Ducker, a novice GnGl (D:6)
  2 wizards
  A wolf spider zombie (D:14)
  2 mana vipers (Snake:1)
  A harpy (shapeshifter) (Depths:1)
  10 orc knights
  A mana viper (shapeshifter) (D:15)
  A salamander (shapeshifter) (D:15)
  6 cyclopes
  4 ugly things
  3 orc sorcerers
  3 elephants (Lair:5)
  2 salamanders (Snake:1)
  Maurice (D:8)
  8 black mambas
  4 deep elf magi (D:14)
  An ice statue (IceCv)
  2 naga magi (Snake:1)
  2 torpor snails
  5 centaur skeletons
  17 spiny frogs
  A gargoyle (D:15)
  4 ice devils (Lair:6)
  4 rime drakes
  A redback zombie (D:15)
  A kobold demonologist (D:13)
  6 yaktaurs
  2 efreet (D:14)
  10 komodo dragons
  A red devil (Lair:6)
  3 tengu conjurers
  A hellwing (Lair:6)
  A jumping spider (shapeshifter) (D:15)
  Grinder (D:3)
  2 trolls
  A wind drake (shapeshifter) (D:15)
  14 blink frogs
  14 polar bears
  9 hippogriffs
  7 dream sheep (Lair:6)
  8 slime creatures
  A meliai zombie (D:14)
  2 centaur simulacra (D:14)
  2 shadows (D:15)
  A wraith (D:12)
  Sigmund (D:3)
  A water elemental (Depths:1)
  A human (D:7)
  47 yaks
  5 wyverns
  4 basilisks
  3 hogs (D:7)
  Grum (D:11)
  A hungry ghost (D:13)
  3 wargs
  7 nagas
  2 soldier ants (D:14)
  An acid dragon (D:15)
  10 water moccasins
  5 hell hounds (Lair:6)
  12 porcupines
  A hornet zombie (D:9)
  2 sky beasts (D:13)
  4 ice beasts
  2 phantoms
  22 orc warriors
  3 black bears
  2 necrophages
  16 ogres
  3 boggarts (D:15)
  An eye of draining (D:12)
  28 wolves
  16 centaurs
  13 crocodiles
  5 big kobolds
  Blork the orc (D:9)
  2 gnoll sergeants
  21 bullfrogs
  A wyvern skeleton (D:12)
  5 scorpions
  11 killer bees
  20 wights
  2 electric eels (Lair:5)
  2 howler monkeys
  8 crimson imps
  2 bullfrog zombies
  3 centaur zombies
  6 bullfrog skeletons
  A gnoll shaman (D:6)
  24 orc priests
  7 hounds
  2 jellies
  24 orc wizards
  Terence (D:3)
  4 iguanas
  6 hell rats (Lair:6)
  14 worker ants
  A killer bee zombie (D:10)
  A hound skeleton (D:7)
  3 worker ant zombies
  5 adders
  11 gnolls
  A howler monkey skeleton (D:6)
  A river rat (D:6)
  3 shadow imps (D:6)
  An ooze (D:1)
  3 worms
  5 dart slugs
  10 leopard geckos
  76 orcs
  A ball python (D:1)
  5 giant cockroaches
  4 goblins
  7 hobgoblins
  6 jackals
  4 quokkas
  6 bats
  4 frilled lizards
  28 kobolds
  A leopard gecko zombie (D:7)
  A quokka zombie (D:8)
  6 rats
816 creatures vanquished.

Vanquished Creatures (collateral kills)
  Saint Roka (Depths:1)
  An orc high priest (Orc:2)
  An orc knight (D:15)
  2 orc sorcerers (Orc:2)
  4 orc warriors
  An ogre (Orc:2)
  3 orc priests (Orc:2)
  6 orc wizards (Orc:2)
  3 orcs (D:15)
22 creatures vanquished.

Vanquished Creatures (others)
  A slave (D:5)
  An ogre (D:5)
  2 orc wizards
  An orc priest (Orc:2)
  A centaur skeleton (D:5)
  An adder (D:5)
  6 orcs (D:5)
  2 jackals (D:5)
  4 fungi
  14 plants
33 creatures vanquished.

Grand Total: 871 creatures vanquished

Notes
Turn   | Place    | Note
-------+----------+-------------------------------------------
     0 | D:1      | Mrkaede the Minotaur Berserker began the quest for the Orb.
     0 | D:1      | Reached XP level 1. HP: 19/19 MP: 0/0
     2 | D:1      | Noticed a centaur
     2 | D:1      | Noticed a demonspawn
     4 | D:1      | Noticed a tengu
     6 | D:1      | Noticed a minotaur
     6 | D:1      | Noticed a draconian
     8 | D:1      | Noticed a vine stalker
     8 | D:1      | Noticed a ghoul
    12 | D:1      | Noticed an octopode
    12 | D:1      | Noticed a demigod
    14 | D:1      | Noticed a troll
    16 | D:1      | Noticed a merfolk
    16 | D:1      | Noticed an ogre
    18 | D:1      | Noticed a human
    18 | D:1      | Noticed a gargoyle
    20 | D:1      | Noticed a naga
    20 | D:1      | Noticed an elf
    22 | D:1      | Noticed a felid
    22 | D:1      | Noticed a dwarf
    24 | D:1      | Noticed a spriggan
    24 | D:1      | Noticed a vampire
    26 | D:1      | Noticed a halfling
    26 | D:1      | Noticed a formicid
   112 | D:1      | Reached XP level 2. HP: 25/27 MP: 1/1
   130 | D:1      | Reached skill level 4 in Fighting
   524 | D:1      | Reached XP level 3. HP: 33/33 MP: 2/2
   698 | D:2      | Reached ** piety under Trog
   703 | D:2      | Reached XP level 4. HP: 26/41 MP: 3/3
   704 | D:2      | Found an iron altar of Okawaru.
  1343 | D:3      | Found a radiant altar of Vehumet.
  1344 | D:3      | Noticed Terence
  1359 | D:3      | Killed Terence
  1399 | D:3      | Reached skill level 1 in Unarmed Combat
  1543 | D:3      | Noticed Sigmund
  1547 | D:3      | Killed Sigmund
  1547 | D:3      | Reached skill level 5 in Fighting
  1547 | D:3      | Reached skill level 5 in Long Blades
  1547 | D:3      | Reached skill level 1 in Throwing
  1547 | D:3      | Reached XP level 5. HP: 48/48 MP: 4/4
  1547 | D:3      | Reached XP level 6. HP: 56/56 MP: 5/5
  1757 | D:3      | Noticed Grinder
  1787 | D:3      | Killed Grinder
  1787 | D:3      | Reached XP level 7. HP: 28/62 MP: 6/6
  2740 | D:4      | Reached skill level 6 in Fighting
  2764 | D:4      | Reached skill level 5 in Armour
  2770 | D:4      | Got a brightly glowing leather armour
  2781 | D:4      | Identified the +1 leather armour of Ditemur {rF++} (You
                  | found it on level 4 of the Dungeon)
  3196 | D:5      | Entered Level 5 of the Dungeon
  3206 | D:5      | Reached *** piety under Trog
  3213 | D:5      | Noticed Pikel
  3222 | D:5      | Killed Pikel
  3222 | D:5      | Reached skill level 5 in Dodging
  3222 | D:5      | Reached XP level 8. HP: 71/71 MP: 7/7
  3289 | D:5      | Reached skill level 7 in Fighting
  3316 | D:5      | Found an opulent altar of Gozag.
  3402 | D:5      | Got a pair of polished boots
  3409 | D:5      | Identified the +2 pair of boots "Epabym" {Int+4 Dex-3 SInv
                  | Stlth+} (You found it on level 5 of the Dungeon)
  3772 | D:5      | Found a bloodstained altar of Trog.
  3858 | D:5      | Found a staircase to the Ecumenical Temple.
  4151 | D:6      | Reached XP level 9. HP: 64/79 MP: 8/8
  4244 | D:6      | Found Engy's General Store.
  4301 | D:6      | Found a runed translucent door.
  4301 | D:6      | Noticed havocjr3's ghost (novice GnGl)
  4305 | D:6      | Reached **** piety under Trog
  4313 | D:6      | Reached skill level 1 in Stealth
  4316 | D:6      | Killed havocjr3's ghost
  4330 | D:6      | Found a runed translucent door.
  4487 | D:6      | Reached skill level 8 in Fighting
  4869 | D:7      | Found a shattered altar of Ashenzari.
  4873 | D:7      | Found a sparkling altar of Nemelex Xobeh.
  4916 | D:7      | Found a sacrificial altar of Ru.
  5580 | D:7      | Reached XP level 10. HP: 66/89 MP: 9/9
  6224 | D:8      | Got a pair of translucent boots
  6235 | D:8      | Identified the cursed +0 pair of boots "Ufuil" {rC+} (You
                  | found it on level 8 of the Dungeon)
  6303 | D:8      | Noticed Maurice
  6569 | D:8      | Killed Maurice
  6569 | D:8      | Reached skill level 9 in Fighting
  6774 | D:8      | Gained mutation: Your body sometimes deteriorates upon
                  | taking damage. [potion of mutation]
  6774 | D:8      | Gained mutation: You are weak. (Str -2) [potion of
                  | mutation]
  6774 | D:8      | Gained mutation: Your movements are slightly less
                  | encumbered by armour. (ER -2) [potion of mutation]
  6775 | D:8      | Lost mutation: Your body sometimes deteriorates upon taking
                  | damage. [potion of mutation]
  6775 | D:8      | Lost mutation: Your movements are slightly less encumbered
                  | by armour. (ER -2) [potion of mutation]
  6775 | D:8      | Lost mutation: You are weak. (Str -2) [potion of mutation]
  6775 | D:8      | Gained mutation: You occasionally shout uncontrollably at
                  | your foes. [potion of mutation]
  6775 | D:8      | Gained mutation: You are dopey. (Int -2) [potion of
                  | mutation]
  6775 | D:8      | Gained mutation: You are weak. (Str -2) [potion of
                  | mutation]
  6775 | D:8      | Gained mutation: You are partially covered in rugged brown
                  | scales. (AC +1, +3% HP) [potion of mutation]
  6776 | D:8      | Lost mutation: You are weak. (Str -2) [potion of mutation]
  6776 | D:8      | Gained mutation: You have sharp toenails. [potion of
                  | mutation]
  6776 | D:8      | Gained mutation: You are agile. (Dex +2) [potion of
                  | mutation]
  6776 | D:8      | Gained mutation: You can translocate small distances at
                  | will. [potion of mutation]
  6960 | D:8      | Reached skill level 5 in Unarmed Combat
  7071 | D:8      | Found a blossoming altar of Fedhas.
  7071 | D:8      | Found an ancient bone altar of Kikubaaqudgha.
  7345 | D:9      | Reached ***** piety under Trog
  7834 | D:9      | Reached skill level 5 in Throwing
  8033 | D:9      | Found a staircase to the Lair.
  8277 | D:9      | Noticed Blork the orc
  8286 | D:9      | Killed Blork the orc
  8286 | D:9      | Received a gift from Trog
  8297 | D:9      | Found a deep blue altar of Sif Muna.
  8366 | D:10     | Entered Level 10 of the Dungeon
  8561 | D:10     | Noticed Erica
  8571 | D:10     | Killed Erica
  8571 | D:10     | Reached XP level 11. HP: 101/101 MP: 10/10
  8689 | D:10     | Reached skill level 10 in Fighting
  8689 | D:10     | Reached skill level 1 in Evocations
  8698 | D:10     | Reached skill level 10 in Long Blades
  8880 | D:10     | Received a gift from Trog
  9051 | D:10     | Noticed Urug
  9067 | D:10     | Killed Urug
  9401 | D:11     | Noticed a five-headed hydra
  9434 | D:11     | Killed a three-headed hydra
  9714 | D:11     | Found a staircase to the Orcish Mines.
  9725 | D:11     | Noticed Grum
  9739 | D:11     | Killed Grum
 10074 | D:11     | Noticed a purple ugly thing
 10087 | D:10     | Killed a purple ugly thing
 10271 | D:11     | Reached skill level 11 in Fighting
 10789 | D:12     | Noticed a cyan ugly thing
 10798 | D:12     | Killed a cyan ugly thing
 10798 | D:12     | Reached XP level 12. HP: 71/113 MP: 11/13
 10987 | D:12     | Reached skill level 10 in Dodging
 11153 | D:12     | Received a gift from Trog
 11495 | Lair:1   | Entered Level 1 of the Lair of Beasts
 11831 | Lair:1   | Noticed Nergalle
 11835 | Lair:1   | Killed Nergalle
 11880 | Lair:1   | You fall through a shaft!
 11939 | Lair:2   | You fall through a shaft for 2 floors!
 12119 | Lair:3   | Reached skill level 12 in Fighting
 12215 | Lair:3   | Reached ****** piety under Trog
 12244 | Lair:3   | Received a gift from Trog
 12693 | Lair:2   | Received a gift from Trog
 12714 | Lair:2   | Reached XP level 13. HP: 116/122 MP: 14/14
 12727 | Lair:2   | Identified a scroll of acquirement
 12740 | Lair:2   | Lost mutation: You have sharp toenails. [potion of
                  | mutation]
 12740 | Lair:2   | Lost mutation: You are agile. (Dex +2) [potion of mutation]
 12740 | Lair:2   | Gained mutation: You are agile. (Dex +2) [potion of
                  | mutation]
 12740 | Lair:2   | Gained mutation: You are very dopey. (Int -4) [potion of
                  | mutation]
 12740 | Lair:2   | Gained mutation: Your flesh is cold resistant. (rC+)
                  | [potion of mutation]
 12740 | Lair:2   | Lost mutation: You are very dopey. (Int -4) [potion of
                  | mutation]
 13173 | Lair:2   | Found the +3 robe of Folly {Archmagi, MR-- Int+5}
 13180 | Lair:2   | Found a staircase to the Snake Pit.
 13932 | Lair:3   | Found a staircase to the Shoals.
 14718 | Lair:5   | Reached skill level 10 in Armour
 15162 | Lair:5   | Reached skill level 13 in Fighting
 15563 | Lair:5   | Found a viscous altar of Jiyva.
 15564 | Lair:5   | Found a staircase to the Slime Pits.
 16388 | Lair:6   | Entered Level 6 of the Lair of Beasts
 16407 | Lair:6   | Received a gift from Trog
 16428 | Lair:6   | Got a blackened great sword {god gift}
 16429 | Lair:6   | Identified the +4 great sword of Anguish {drain, rC+ Str+2
                  | Dex+2 Stlth+} (Trog gifted it to you on level 6 of the Lair
                  | of Beasts)
 16948 | Lair:6   | Reached XP level 14. HP: 88/132 MP: 15/15
 17129 | Lair:6   | Reached skill level 5 in Stealth
 17428 | Lair:6   | Found a burning altar of Makhleb.
 17450 | Lair:6   | Received a gift from Trog
 17695 | Lair:6   | Found a gateway to Hell.
 18660 | Orc:1    | Entered Level 1 of the Orcish Mines
 18888 | Orc:1    | Received a gift from Trog
 19029 | Orc:2    | Entered Level 2 of the Orcish Mines
 19029 | Orc:2    | Found a staircase to the Elven Halls.
 19063 | Orc:2    | Found a frozen archway.
 19072 | IceCv    | Entered an ice cave
 19140 | IceCv    | Reached skill level 14 in Fighting
 19230 | IceCv    | Received a gift from Trog
 19590 | IceCv    | Noticed a frost giant
 19605 | IceCv    | Killed a frost giant
 19613 | IceCv    | Received a gift from Trog
 20688 | Orc:2    | Found Ilud's Assorted Antiques.
 20688 | Orc:2    | Found Afrusk's Weapon Boutique.
 20690 | Orc:2    | Found Hamnesmi's Food Boutique.
 20696 | Orc:2    | Received a gift from Trog
 20933 | Orc:2    | Found Bali's Food Shop.
 20940 | Orc:2    | Bought a potion of mutation for 232 gold pieces
 21297 | D:13     | Noticed Nessos
 21303 | D:13     | Killed Nessos
 21307 | D:13     | Noticed Rupert
 21312 | D:13     | Killed Rupert
 21312 | D:13     | Reached XP level 15. HP: 120/143 MP: 16/16
 21529 | D:13     | Received a gift from Trog
 22297 | D:14     | Received a gift from Trog
 22317 | D:14     | Found Massiviy's Elemental Accessories.
 22381 | D:14     | Lost mutation: You are dopey. (Int -2) [potion of mutation]
 22381 | D:14     | Lost mutation: You occasionally shout uncontrollably at
                  | your foes. [potion of mutation]
 22381 | D:14     | Gained mutation: You have sharp fingernails. [potion of
                  | mutation]
 22381 | D:14     | Gained mutation: Your flesh is heat resistant. (rF+)
                  | [potion of mutation]
 22579 | D:14     | Found a gate to the Vaults.
 22951 | D:14     | Identified the ring of Ewkyr {rN+ Int+3 Stlth+}
 23507 | D:14     | Reached skill level 15 in Fighting
 23540 | D:15     | Entered Level 15 of the Dungeon
 23996 | D:15     | Found a blossoming altar of Fedhas.
 24037 | D:15     | Reached skill level 15 in Long Blades
 24299 | D:15     | Found a runed translucent gate.
 24300 | D:15     | Found a runed translucent gate.
 24300 | D:15     | Noticed PeMo's ghost (journeyman GnTm)
 24301 | D:15     | Found a runed translucent gate.
 24304 | D:15     | Identified the +3 bardiche of Susuorha {venom, Str+2 Dex+4}
 24304 | D:15     | Identified the cursed +1 plate armour of Panentheism
                  | {Slay+2}
 24307 | D:15     | Found a roughly hewn altar of Beogh.
 24325 | D:15     | Received a gift from Trog
 24331 | D:15     | Killed PeMo's ghost
 24337 | D:15     | Reached skill level 10 in Unarmed Combat
 24508 | D:15     | Noticed a ghost moth
 24510 | D:15     | Found a staircase to the Depths.
 24512 | D:15     | a ghost moth changed into a minotaur
 24933 | Snake:1  | Entered Level 1 of the Snake Pit
 26205 | Depths:1 | Entered Level 1 of the Depths
 26226 | Depths:1 | Reached XP level 16. HP: 106/153 MP: 17/17
 26777 | Depths:1 | Noticed a tengu reaver
 26788 | Depths:1 | Killed a tengu reaver
 26788 | Depths:1 | Received a gift from Trog
 26796 | Depths:1 | Noticed Saint Roka
 26815 | Depths:1 | Killed Saint Roka
 26815 | Depths:1 | Reached skill level 16 in Fighting
 26825 | Depths:1 | HP: 6/155 [deep troll earth mage (18)]
 26829 | Depths:1 | Slain by a deep troll earth mage

Skill      XL: |  1  2  3  4  5  6  7  8  9 10 11 12 13 14 15 16 |
---------------+-------------------------------------------------+-----
Fighting       | 4 5 6 7 8 9 11 12 13 14 15 16 | 16.0
Long Blades    | 4 5 6 7 8 9 11 12 13 14 15 | 15.9
Armour         | 3 4 5 6 7 8 9 10 11 12 | 12.4
Dodging        | 3 4 5 6 7 8 9 11 12 13 14 | 14.6
Unarmed Combat | 1 2 3 4 5 6 7 8 9 10 | 10.0
Throwing       | 1 2 3 4 5 6 7 8 9 |  9.8
Stealth        | 2 3 4 6 7 |  7.0
Evocations     | 2 3 |  3.0

Action                   |  1- 3 |  4- 6 |  7- 9 | 10-12 | 13-15 | 16-18 || total
-------------------------+-------+-------+-------+-------+-------+-------++-------
Melee: Falchion          |    45 |    75 |   296 |       |       |       ||   416
       Headbutt          |     8 |    15 |    81 |   140 |   220 |    13 ||   477
       Punch             |       |       |     5 |     4 |       |       ||     9
       Long sword        |       |       |    19 |    82 |       |       ||   101
       Great sword       |       |       |       |   421 |   198 |       ||   619
       Scimitar          |       |       |       |     6 |       |       ||     6
       Triple sword      |       |       |       |     3 |   556 |    40 ||   599
Throw: Tomahawk          |       |       |       |    12 |     4 |       ||    16
       Javelin           |       |       |       |     1 |    17 |    19 ||    37
Invok: Berserk           |       |     2 |     5 |     9 |    10 |       ||    26
       Brothers in Arms  |       |       |       |       |     3 |     1 ||     4
       Trog's Hand       |       |       |       |       |     3 |     1 ||     4
 Abil: Blink             |       |       |       |       |     1 |       ||     1
Evoke: Wand              |       |       |       |       |     7 |    15 ||    22
       Phial of floods   |       |       |       |       |       |     1 ||     1
  Use: Scroll            |       |     5 |     1 |    14 |    17 |     1 ||    38
       Potion            |       |       |       |     7 |    11 |     3 ||    21
 Stab: Sleeping          |       |       |     2 |     9 |    20 |       ||    31
       Distracted        |       |       |       |       |     2 |       ||     2
  Eat: Chunk             |       |     4 |    12 |    21 |    38 |       ||    75
       Ration            |       |       |     2 |     3 |     5 |     1 ||    11
Armor: Animal skin       |     4 |     1 |       |       |       |       ||     5
       Scale mail        |       |     7 |    25 |       |    25 |    24 ||    81
       Leather armour    |       |     2 |    62 |    39 |   253 |       ||   356
       Ring mail         |       |       |       |   203 |       |       ||   203
Dodge: Dodged            |    41 |    46 |   205 |   573 |   940 |    45 ||  1850
       Rpst.: Falchion   |    11 |     8 |    50 |       |       |       ||    69
       Long sword        |       |       |     8 |    21 |       |       ||    29
       Great sword       |       |       |       |   101 |    58 |       ||   159
       Triple sword      |       |       |       |     1 |   151 |    12 ||   164
